 Dungeon Crawl Stone Soup version 0.29.1-12-g30fa7ad0bf (webtiles) character file.

Game seed: 14615788245065897483

19 shoemetal68 the Trooper (level 2, -4/27 HPs)
             Began as a Hill Orc Abyssal Knight on Dec 13, 2022.
             Was a Believer of Lugonu.
             Slain by an iguana (7 damage)
             ... on level 5 of the Dungeon.
             The game lasted 00:09:22 (510 turns).

shoemetal68 the Trooper (Hill Orc Abyssal Knight)    Turns: 510, Time: 00:09:23

Health: -4/27      AC:  6    Str: 15    XL:     2   Next: 75%
Magic:  4/4        EV: 10    Int: 10    God:    Lugonu [**....]
Gold:   35         SH:  0    Dex: 11    Spells: 1/1 levels left

rFire   . . .      SeeInvis .   a - +1 hand axe
rCold   . . .      Faith    .   (no shield)
rNeg    . . .      Spirit   .   h - +0 ring mail
rPois   .          Reflect  .   (no helmet)
rElec   .          Harm     .   (no cloak)
rCorr   .          Rampage  .   g - +0 pair of gloves
Will    .....                   (no boots)
Stlth   +.........              (no amulet)
HPRegen 0.09/turn               (no ring)
MPRegen 0.09/turn               (no ring)

@: no status effects
A: no striking features
a: Renounce Religion, Depart the Abyss, Bend Space


You were on level 5 of the Dungeon.
You worshipped Lugonu.
Lugonu was pleased with you.
You visited 1 branch of the dungeon, and saw 5 of its levels.
You visited the Abyss 1 time.

You collected 35 gold pieces.

Inventory:

Hand Weapons
 a - a +1 hand axe (weapon)
 c - a +0 spear
 d - a +0 dagger
Armour
 g - a +0 pair of gloves (worn)
 h - a +0 ring mail (worn)
Scrolls
 e - a scroll of identify
Potions
 f - a potion of degeneration {unknown}


   Skills:
 + Level 4.1 Fighting
 + Level 3.0 Axes
 + Level 0.1(1.4) Polearms
 + Level 2.3 Armour
 + Level 0.7 Dodging
 + Level 3.1 Invocations


You had one spell level left.
You didn't know any spells.
Your spell library was empty.

Dungeon Overview and Level Annotations

Branches:
Dungeon (5/15)
 Temple: D:4-7

Altars:


Message History

You barely miss the orc. The orc closely misses you.
You hit the orc but do no damage. The orc hits you with a +0 hand axe.
You hit the orc but do no damage. The orc hits you but does no damage.
You hit the orc but do no damage. The orc barely misses you.
You hit the orc.
The orc is moderately wounded.
The orc hits you but does no damage.
You hit the orc but do no damage.
The orc is moderately wounded.
The orc barely misses you.
You hit the orc but do no damage.
The orc is moderately wounded.
The orc misses you.
You hit the orc.
You kill the orc!
Lugonu accepts your kill.
Items here: )) [ †.
h - a +0 ring mail You start removing your armour.
You continue taking off your +0 leather armour. x4
You finish taking off your +0 leather armour.
You start putting on your armour.
You continue putting on your +0 ring mail. x5
You finish putting on your +0 ring mail.
You drop a +0 leather armour.
There is an open door here.
Found a stone staircase leading down.
There is a stone staircase leading down here.
You climb downwards.
The iguana hisses angrily.
Found a leather armour and a war axe.
There is a stone staircase leading up here.
You hit the iguana but do no damage. The iguana bites you.
You hit the iguana but do no damage. The iguana bites you!
You hit the iguana but do no damage. The iguana bites you!
* * * LOW HITPOINT WARNING * * *
You hit the iguana.
The iguana is lightly wounded.
The iguana bites you!
You die...

.. .. ###
###.###.###...
#...........#
#....)......#
...........
.....[. #l..#
#.@# #..# #..#
#..# #..# #...
##.# #.#


You could see an iguana.

Vanquished Creatures
  A dart slug (D:2)
  An orc (D:4)
  A ball python (D:1)
  2 endoplasms (D:1)
  A giant cockroach (D:1)
  3 goblins (D:1)
  A quokka (D:3)
  A bat (D:1)
  A frilled lizard (D:1)
  A kobold (D:2)
  2 rats (D:1)
15 creatures vanquished.

Notes
Turn   | Place    | Note
-------+----------+-------------------------------------------
     0 | Abyss:1  | shoemetal68 the Hill Orc Abyssal Knight began the quest for
                  | the Orb.
     0 | Abyss:1  | Reached XP level 1. HP: 19/19 MP: 2/2
     1 | D:1      | Escaped the Abyss
    69 | D:1      | Reached skill level 4 in Fighting
    69 | D:1      | Reached XP level 2. HP: 25/27 MP: 4/4
   506 | D:5      | Entered Level 5 of the Dungeon
   510 | D:5      | Slain by an iguana

Illustrated notes

Levels and vault maps discovered:
D:1:      lightli_arrival_statue_moat, layout_basic
D:2:      layout_loops_ring, serial_shops, nicolae_shop_waterfront,
          hellmonk_ecumenical_altar_run_dry
D:3:      layout_loops_ring, ebering_ghost_sewer_d, serial_shops,
          nicolae_shop_advertising_works [nicolae_subvault_shop_adworks],
          uniq_grinder
D:4:      layout_basic, grunt_dithmenos_smoke, minivault_5,
          kennysheep_generic_room_9
D:5:      layout_rooms, serial_shops, nicolae_stop_n_shop_1

Skill      XL: |  1  2 |
---------------+-------+-----
Fighting       | 4 |  4.1
Invocations    | 3 |  3.1
Axes           | 3 |  3.0
Polearms       | |  0.1
Armour         | |  2.3
Dodging        | |  0.7

Action                   || total
-------------------------++-------
Melee: Hand axe          ||    25
       Spear             ||    31
  Use: Scroll            ||     4
Armor: Leather armour    ||    13
Dodge: Dodged            ||    22
